 Dungeon Crawl Stone Soup version 0.29.0-11-gd7f09526c8 (webtiles) character file.

Game seed: 17906383487602892356

95 raistware the Conjurer (level 4, -2/27 HPs)
             Began as an Octopode Conjurer on Sept 2, 2022.
             Killed from afar by an orc wizard (11 damage)
             ... with a magic dart
             ... on level 3 of the Dungeon.
             The game lasted 00:04:59 (3079 turns).

raistware the Conjurer (Octopode Conjurer)          Turns: 3079, Time: 00:05:01

Health: -2/27      AC:  1    Str:  6    XL:     4   Next: 65%
Magic:  10/10      EV: 13    Int: 22    God:
Gold:   110        SH:  0    Dex: 10    Spells: 10/11 levels left

rFire   . . .      SeeInvis .   l - staff of poison
rCold   . . .      Faith    .   (no shield)
rNeg    . . .      Spirit   .   (helmet restricted)
rPois   +          Reflect  .   (no amulet)
rElec   .          Harm     .   i - ring of willpower
rCorr   +          Rampage  .   k - ring of resist corrosion
Will    +....                   m - +4 ring of slaying
Stlth   +++.......              (no ring)
HPRegen 0.09/turn               (no ring)
MPRegen 0.12/turn               (no ring)
                                (no ring)
                                (no ring)

@: no status effects
A: almost no armour, amphibious, 8 rings, camouflage 1, gelatinous body 1,
(nimble swimmer 1), tentacles
a: no special abilities


You were on level 3 of the Dungeon.
You visited 1 branch of the dungeon, and saw 3 of its levels.

You collected 110 gold pieces.

Inventory:

Magical Staves
 l - a staff of poison (weapon)
Jewellery
 i - a ring of willpower (left tentacle)
 k - a ring of resist corrosion (right tentacle)
 m - a +4 ring of slaying (on tentacle)
Scrolls
 b - a scroll of enchant weapon {unknown}
 c - a scroll of identify {unknown}
 d - a scroll of blinking {unknown}
 e - a scroll of fog {unknown}
 f - a scroll of teleportation {unknown}
 g - a scroll of fear {unknown}
 h - 2 scrolls of magic mapping {unknown}
Potions
 a - a potion of magic
 j - a potion of degeneration {unknown}


   Skills:
 * Level 0.8 Fighting
 + Level 2.1 Dodging
 + Level 2.8 Stealth
 + Level 4.0 Spellcasting
 + Level 4.0 Conjurations
 + Level 0.4 Translocations


You had 10 spell levels left.
You knew the following spells:

 Your Spells              Type           Power      Damage    Failure   Level
a - Magic Dart            Conj           88%        1d7       2%          1

Your spell library contained the following spells:

 Spells                   Type           Power      Damage    Failure   Level
 Searing Ray              Conj           44%        2d6       3%          2
 Dazzling Flash           Conj/Hex       26%        N/A       14%         3
 Mephitic Cloud           Conj/Pois/Air  15%        N/A       19%         3
 Ignite Poison            Fire/Tmut/Pois 6%         N/A       32%         3
 Iskenderun's Mystic Bla  Conj/Tloc      14%        2d5       41%         4
 Fulminant Prism          Conj/Hex       6%         3d7       43%         4
 Freezing Cloud           Conj/Ice/Air   5%         6-21      87%         5


Dungeon Overview and Level Annotations

Branches:
Dungeon (3/15)

Altars:

Shops:
D:3 =


Innate Abilities, Weirdness & Mutations

You cannot wear most types of armour.
You are amphibious.
You can wear up to eight rings at the same time.
Your skin changes colour to match your surroundings (Stealth+).
Your rubbery body absorbs attacks. (AC +1, EV +1)
((You are camouflaged when in or above water. (Stealth+)))
You have tentacles for arms and can constrict up to eight enemies at once.


Message History

The magic dart hits the worm.
The worm is heavily wounded.
The magic dart hits the worm.
The worm is heavily wounded.
The magic dart hits the worm.
The worm is severely wounded.
The magic dart hits the worm.
The worm is almost dead.
The magic dart hits the worm.
You kill the worm!
You can't see any susceptible monsters within range! (Use Z to cast anyway.)
You start resting.
Magic restored.
The orc shouts! x2; You hear a shout!
The orc wizard shouts!
Things that are here:
a +0 club; a +2 ring mail of fire resistance; an orc corpse You barely miss the orc.
Your grab misses the orc. You squeeze the orc!
You kill the orc!
The orc wizard points at you and mumbles some strange words.
You resist with almost no effort. The orc closely misses you.
Found Qisaos's Jewellery Boutique.
The orc closely misses you.
The orc wizard hits you with a +0 dagger.
Things that are here:
a +0 club; a +0 leather armour
Casting: Magic Dart (safe; 2% risk of failure)
Confirm with . or Enter, or press ? or * to list all spells.
You don't know that spell.
You hit the orc wizard. Your grab misses the orc wizard.
The orc wizard is moderately wounded.
The orc hits you with a +0 flail!
The orc wizard gestures at you while chanting.
The magic dart hits you!
A kobold comes into view. It is wielding a +0 short sword.
You closely miss the orc wizard. You grab the orc wizard.
The orc wizard is moderately wounded.
You constrict the orc wizard, but do no damage.
The orc barely misses you.
The orc wizard points at you and mumbles some strange words.
The magic dart hits you!
You die...

#.....†....####
...............
......†......
...........
#......# #
#.....##.#
#.<....####
##+#).......
#.o@o.....##
#.........#
#.........#
###.......#
#.......#
#.......#
#.......#
#K....∩.#


You could see an orc wizard, an orc and a kobold.

Vanquished Creatures
  4 gnolls (D:2)
  2 worms
  2 dart slugs
  2 orcs (D:3)
  2 endoplasms (D:1)
  5 goblins
  5 hobgoblins
  4 jackals (D:1)
  4 kobolds
  3 quokkas
  2 ball pythons (D:1)
  A bat (D:1)
  2 frilled lizards
  4 rats
42 creatures vanquished.

Notes
Turn   | Place    | Note
-------+----------+-------------------------------------------
     0 | D:1      | raistware the Octopode Conjurer began the quest for the
                  | Orb.
     0 | D:1      | Reached XP level 1. HP: 11/11 MP: 3/3
   249 | D:1      | Reached XP level 2. HP: 6/17 MP: 3/5
  1207 | D:1      | Reached XP level 3. HP: 21/21 MP: 4/7
  1244 | D:1      | Found a faded altar of an unknown god.
  2311 | D:2      | Reached XP level 4. HP: 2/27 MP: 0/10
  3077 | D:3      | Found Qisaos's Jewellery Boutique.
  3079 | D:3      | Killed from afar by an orc wizard

Illustrated notes

Levels and vault maps discovered:
D:1:      lightli_arrival_statuegarden, layout_loops_corners,
          hellmonk_ecumenical_altar_inner_sanctum
D:2:      layout_basic
D:3:      layout_basic, biasface_ghost_orc_armoury, serial_shops, shop

Skill      XL: |  1  2  3 |
---------------+----------+-----
Spellcasting   | 3 4 |  4.0
Fighting       | |  0.8
Dodging        | |  2.1
Stealth        | |  2.8
Conjurations   | |  4.0
Translocations | |  0.4

Action                   |  1- 3 |  4- 6 || total
-------------------------+-------+-------++-------
Melee: Unarmed           |    20 |       ||    20
       Constrict         |     6 |     2 ||     8
       Punch             |     1 |       ||     1
       Tentacles         |     4 |     3 ||     7
       Staff             |       |     5 ||     5
 Cast: Magic Dart        |    65 |    20 ||    85
 Stab: Sleeping          |     1 |       ||     1
Armor: Skin              |     1 |       ||     1
Dodge: Dodged            |    19 |     4 ||    23
